[Event "7th Summer Cup 2024"]
[Site "Rhodes"]
[Date "2024.06.28"]
[Round "7.1"]
[White "Kotronias, Vasilios"]
[Black "Nasuta, Grzegorz"]
[Result "1/2-1/2"]
[ECO "B94"]
[WhiteElo "2415"]
[BlackElo "2541"]
[Annotator "TA"]
[PlyCount "56"]
[EventDate "2024.06.21"]
[EventType "swiss"]
[EventCountry "GRE"]
[SourceTitle "playchess.com"]
[Source "ChessBase"]
[SourceQuality "1"]
[TimeControl "40/5400+30:900+30"]

1. e4 c5 2. Nf3 d6 3. d4 cxd4 4. Nxd4 Nf6 5. Nc3 a6 6. Bg5 Nbd7 7. Qe2 Qa5 8. Bd2 h5 9. O-O-O {[%emt 0:00:58] White is slightly better.} b5 10. Kb1 {[%emt 0:03:19] Nd5 would now be deadly.} b4 {[%emt 0:14:00] [#]} (10... Qc7 $11 {is more appropriate.}) 11. Nd5 $1 $16 Nxd5 12. Nc6 $36 {[%emt 0:05:33][%mdl 2048] White is in control.} Qc5 13. exd5 Qxd5 14. Nxb4 {[%emt 0:00:18] White is more active.} (14. Bxb4 $2 {loses.} Qxc6 15. Rxd6 Qc7 $19) 14... Qc5 15. Bc3 Bb7 {[%emt 0:02:23] [#]} 16. h4 $1 Rh6 17. Rh3 Re6 18. Qd2 Nf6 {[%emt 0:00:27] [#]} 19. f3 {[%emt 0:17:17] Prevents Ne4.} (19. Bd4 $1 $16 Ne4 20. Qe1) 19... Qe3 20. Qxe3 Rxe3 21. Bd4 Re6 22. c4 (22. Bc4 $14) 22... g6 $11 {[%emt 0:03:41] The position is equal.} 23. Bd3 Bh6 24. Nc2 Nd7 25. Bc3 Rc8 26. Nd4 Re3 {[%emt 0:00:01] Hoping for ...Ne5.} 27. Nc2 Re6 28. Nd4 Re3 {[%emt 0:00:16] Weighted Error Value: White=0.11 (very precise) /Black=0.11 (very precise) .  Mistake:       	White=2     	Black=1      Inaccurate:     	---       	Black=3      OK:         	White=12    	Black=10     Strong:       	White=1     	---} 1/2-1/2

[Event "7th Summer Cup 2024"]
[Site "Rhodes"]
[Date "2024.06.28"]
[Round "7.2"]
[White "Budisavljevic, Luka"]
[Black "Mostbauer, Florian"]
[Result "1/2-1/2"]
[ECO "A11"]
[WhiteElo "2468"]
[BlackElo "2324"]
[Annotator "RC"]
[PlyCount "114"]
[EventDate "2024.06.21"]
[EventType "swiss"]
[EventCountry "GRE"]
[SourceTitle "playchess.com"]
[Source "ChessBase"]
[SourceQuality "1"]
[TimeControl "40/5400+30:900+30"]

1. c4 c6 2. Nf3 d5 3. e3 Nf6 4. Nc3 Bg4 5. Qb3 Qb6 6. Ne5 Be6 7. d4 Nbd7 8. Nxd7 Bxd7 9. Bd2 e6 10. h3 Qxb3 11. axb3 Bd6 12. Bd3 O-O 13. g4 e5 14. g5 exd4 15. gxf6 dxc3 16. Bxc3 Rfe8 17. cxd5 cxd5 18. fxg7 Be5 19. Kd2 Kxg7 20. Rhg1+ Kf6 21. Rg3 Bxc3+ 22. Kxc3 Be6 23. Ra4 Rec8+ 24. Kd2 h6 25. Rf4+ Ke5 26. Rh4 Rh8 27. Rh5+ Kf6 28. Rf3+ Kg7 29. Rf4 Rac8 30. Ra4 a6 31. f4 Kf6 32. f5 Bd7 33. Rah4 Kg7 34. Rd4 Bc6 35. Be2 Kf6 36. Rdh4 Rcg8 37. Rxh6+ Rxh6 38. Rxh6+ Kxf5 39. Bg4+ Kg5 40. Rh5+ Kg6 41. Re5 Kf6 42. Rf5+ Ke7 43. Rf4 Rg7 44. h4 Bd7 45. Bf3 Be6 46. h5 f5 47. Rh4 Kf6 48. Rh2 Bf7 49. b4 Rh7 50. Rh1 Ke5 51. Rh4 Be8 52. Be2 Kf6 53. Kc3 Ke5 54. Bf3 Rh6 55. Rh1 Bf7 56. Kd3 Rh7 57. Rh4 Be8 1/2-1/2

[Event "7th Summer Cup 2024"]
[Site "Rhodes"]
[Date "2024.06.28"]
[Round "7.3"]
[White "Stefanova, Antoaneta"]
[Black "Sandalakis, Nikolaos"]
[Result "1-0"]
[ECO "D23"]
[WhiteElo "2417"]
[BlackElo "2229"]
[Annotator "RC"]
[PlyCount "89"]
[EventDate "2024.06.21"]
[EventType "swiss"]
[EventCountry "GRE"]
[SourceTitle "playchess.com"]
[Source "ChessBase"]
[SourceQuality "1"]
[TimeControl "40/5400+30:900+30"]

1. d4 d5 2. c4 c6 3. Nf3 Nf6 4. Qb3 dxc4 5. Qxc4 Bf5 6. g3 e6 7. Bg2 Be7 8. O-O O-O 9. Qb3 Qb6 10. Nbd2 Nbd7 11. Nc4 Qxb3 12. axb3 Be4 13. Bf4 Nd5 14. Bd6 Bxd6 15. Nxd6 Bxf3 16. Bxf3 Rfb8 17. Ra5 Kf8 18. e4 Ke7 19. Nf5+ exf5 20. exd5 cxd5 21. Rxd5 Nf6 22. Rxf5 Rd8 23. Rb5 Rab8 24. Ra1 Rxd4 25. Rxa7 Rd2 26. Rbxb7+ Rxb7 27. Rxb7+ Kf8 28. b4 Rxb2 29. h3 h5 30. b5 g5 31. b6 g4 32. hxg4 hxg4 33. Bc6 Rb1+ 34. Kg2 Rb2 35. Kf1 Rb1+ 36. Ke2 Rb2+ 37. Ke3 Rb3+ 38. Kd4 Rb2 39. Rb8+ Ke7 40. b7 Nd7 41. Bxd7 Kxd7 42. Rf8 Kc7 43. b8=Q+ Rxb8 44. Rxb8 Kxb8 45. Ke5 1-0

[Event "7th Summer Cup 2024"]
[Site "Rhodes"]
[Date "2024.06.28"]
[Round "7.4"]
[White "Hofstadler, Mario"]
[Black "Ladopoulos, Dimitrios"]
[Result "0-1"]
[ECO "D35"]
[WhiteElo "2103"]
[BlackElo "2374"]
[Annotator "RC"]
[PlyCount "66"]
[EventDate "2024.06.21"]
[EventType "swiss"]
[EventCountry "GRE"]
[SourceTitle "playchess.com"]
[Source "ChessBase"]
[SourceQuality "1"]
[TimeControl "40/5400+30:900+30"]

1. d4 e6 2. c4 d5 3. Nf3 Nf6 4. cxd5 exd5 5. Nc3 c6 6. Bg5 Be7 7. e3 Bf5 8. Bd3 Bxd3 9. Qxd3 Nbd7 10. O-O O-O 11. Rab1 a5 12. a4 Re8 13. Nd2 Nf8 14. Rfe1 Ne6 15. Bh4 h6 16. Nf3 Nd7 17. Bg3 Bb4 18. Ne5 Nxe5 19. Bxe5 Bd6 20. Bxd6 Qxd6 21. b3 Rad8 22. Ne2 b6 23. Red1 Re7 24. Qc3 Qb4 25. Qb2 c5 26. Nc1 cxd4 27. Na2 Qd6 28. exd4 Nf4 29. Rd2 Qg6 30. f3 Rde8 31. Rf1 Nh3+ 32. Kh1 Re1 33. Rd1 R1e2 0-1

[Event "7th Summer Cup 2024"]
[Site "Rhodes"]
[Date "2024.06.28"]
[Round "7.5"]
[White "Papasimakopoulos, Alexandros"]
[Black "Gelle, Istvan"]
[Result "1-0"]
[ECO "A11"]
[WhiteElo "2375"]
[BlackElo "2163"]
[Annotator "RC"]
[PlyCount "91"]
[EventDate "2024.06.21"]
[EventType "swiss"]
[EventCountry "GRE"]
[SourceTitle "playchess.com"]
[Source "ChessBase"]
[SourceQuality "1"]
[TimeControl "40/5400+30:900+30"]

1. c4 c6 2. Qa4 e5 3. Nc3 Nf6 4. Nf3 d6 5. d4 Nbd7 6. Bg5 Be7 7. e3 O-O 8. Be2 h6 9. Bh4 Qc7 10. Qc2 Re8 11. h3 a5 12. O-O Bf8 13. Rac1 exd4 14. exd4 a4 15. Bg3 Qa5 16. Bd3 Nb6 17. Nd2 Be6 18. a3 Rec8 19. Ne2 d5 20. c5 Nbd7 21. Nf4 b6 22. cxb6 Qxb6 23. Nxe6 fxe6 24. Nf3 c5 25. Rfe1 cxd4 26. Qxc8 Rxc8 27. Rxc8 Kf7 28. Rec1 Qxb2 29. R1c7 Be7 30. Ra7 Qxa3 31. Bb5 d3 32. Bxd7 Nxd7 33. Rxd7 d2 34. Nxd2 Kf6 35. Nf3 Bc5 36. Rdc7 Bd6 37. Rc3 Qb4 38. Bxd6 Qxd6 39. Nd4 Qb4 40. Nc2 Qb1+ 41. Kh2 Qb2 42. R8c6 Ke7 43. Rc7+ Ke8 44. f4 d4 45. Nxd4 a3 46. Rb3 1-0

[Event "7th Summer Cup 2024"]
[Site "Rhodes"]
[Date "2024.06.28"]
[Round "7.6"]
[White "Ballas, Athanasios-panagioti"]
[Black "Szalay-Ocsak, Bank"]
[Result "1/2-1/2"]
[ECO "B56"]
[WhiteElo "2151"]
[BlackElo "2279"]
[Annotator "RC"]
[PlyCount "47"]
[EventDate "2024.06.21"]
[EventType "swiss"]
[EventCountry "GRE"]
[SourceTitle "playchess.com"]
[Source "ChessBase"]
[SourceQuality "1"]
[TimeControl "40/5400+30:900+30"]

1. e4 c5 2. Nf3 d6 3. d4 cxd4 4. Nxd4 Nf6 5. Nc3 Bd7 6. Bg5 e6 7. Ndb5 Bxb5 8. Bxb5+ Nc6 9. Qf3 Be7 10. e5 Nd5 11. Bxe7 Qxe7 12. Nxd5 exd5 13. Qxd5 Qxe5+ 14. Qxe5+ dxe5 15. O-O-O Ke7 16. Rhe1 f6 17. f4 Ke6 18. Rd3 Rhd8 19. Rde3 Rac8 20. Bxc6 Rxc6 21. fxe5 f5 22. c3 g6 23. Kc2 Rd5 24. a4 1/2-1/2

[Event "7th Summer Cup 2024"]
[Site "Rhodes"]
[Date "2024.06.28"]
[Round "7.7"]
[White "Mickiewicz, Piotr"]
[Black "Witczak, Borys"]
[Result "0-1"]
[ECO "B15"]
[WhiteElo "2257"]
[BlackElo "1937"]
[Annotator "RC"]
[PlyCount "80"]
[EventDate "2024.06.21"]
[EventType "swiss"]
[EventCountry "GRE"]
[SourceTitle "playchess.com"]
[Source "ChessBase"]
[SourceQuality "1"]
[TimeControl "40/5400+30:900+30"]

1. e4 c6 2. d4 d5 3. Nc3 dxe4 4. Nxe4 Nf6 5. Nxf6+ exf6 6. c3 Bd6 7. Bd3 O-O 8. Qc2 Re8+ 9. Ne2 h5 10. Be3 Nd7 11. O-O h4 12. Bf4 Nf8 13. Bxd6 Qxd6 14. h3 g6 15. Rad1 Bd7 16. c4 Ne6 17. c5 Qd5 18. Bc4 Qh5 19. b4 Ng5 20. Nf4 Qh8 21. Qxg6+ Kf8 22. Qh5 Qg7 23. f3 Nxh3+ 24. Nxh3 Bxh3 25. Rf2 Be6 26. Bxe6 Rxe6 27. Qxh4 f5 28. Qf4 Rae8 29. a4 Qh7 30. Rfd2 Rh6 31. d5 Rh4 32. Qd6+ Kg8 33. Qg3+ Kh8 34. Kf2 f6 35. Rd4 f4 36. Qg4 Rxg4 37. fxg4 Qh4+ 38. Kf1 cxd5 39. Rxd5 Qxg4 40. b5 f3 0-1

[Event "7th Summer Cup 2024"]
[Site "Rhodes"]
[Date "2024.06.28"]
[Round "7.8"]
[White "Mohammed Saeed Alshamsi"]
[Black "Sibashvili, Giorgi"]
[Result "0-1"]
[ECO "B48"]
[WhiteElo "1474"]
[BlackElo "2423"]
[Annotator "RC"]
[PlyCount "48"]
[EventDate "2024.06.21"]
[EventType "swiss"]
[EventCountry "GRE"]
[SourceTitle "playchess.com"]
[Source "ChessBase"]
[SourceQuality "1"]
[TimeControl "40/5400+30:900+30"]

1. e4 c5 2. Nf3 e6 3. Nc3 a6 4. d4 cxd4 5. Nxd4 b5 6. a3 Bb7 7. Be3 Qc7 8. Bd3 Nf6 9. O-O Nc6 10. f4 Bc5 11. Nce2 Nxd4 12. Nxd4 Bxe4 13. Bxe4 Nxe4 14. Qd3 d5 15. c3 O-O 16. Rf3 Qd7 17. Rh3 Rab8 18. Nf3 Bxe3+ 19. Qxe3 f5 20. Ne5 Qc7 21. b4 Rfc8 22. Rc1 a5 23. Qd4 axb4 24. axb4 Ra8 0-1

[Event "7th Summer Cup 2024"]
[Site "Rhodes"]
[Date "2024.06.28"]
[Round "7.9"]
[White "Rigopoulos-Tsigkos, Alexandros"]
[Black "Grapsa, Georgia"]
[Result "1/2-1/2"]
[ECO "B12"]
[WhiteElo "2039"]
[BlackElo "1979"]
[Annotator "NA RC"]
[PlyCount "116"]
[EventDate "2024.06.21"]
[EventType "swiss"]
[EventCountry "GRE"]
[SourceTitle "playchess.com"]
[Source "ChessBase"]
[SourceQuality "1"]
[TimeControl "40/5400+30:900+30"]

1. e4 c6 2. d4 d5 3. e5 Bf5 4. h4 h5 5. c4 e6 6. Nc3 dxc4 7. Bxc4 Nd7 8. Nf3 Bg4 9. Be2 $11 Nh6 10. Bxh6 Rxh6 11. Ng5 Bxe2 12. Qxe2 Be7 13. Nce4 Nf8 14. Rd1 f6 15. Nf3 Qa5+ 16. Nc3 O-O-O 17. O-O f5 18. a3 Rg6 19. Ra1 Rg4 20. b4 Qb6 21. b5 Ng6 22. Qc4 Nf4 23. g3 Kb8 24. Rab1 cxb5 25. Rxb5 Qc7 26. Rxb7+ Kxb7 27. Rb1+ Qb6 28. Rxb6+ axb6 29. Kh2 Nd5 30. Nb5 f4 31. Ng5 fxg3+ 32. fxg3 Rc8 33. Qb3 Nc7 34. Nxc7 Rxc7 35. Nxe6 Rc1 36. Qd5+ Kc8 37. Nf4 Bxh4 38. Qa8+ Kd7 39. e6+ Kd6 40. Qd5+ Kc7 41. Qe5+ Kb7 42. Ne2 Bf6 43. Qxh5 Rg5 44. Qxg5 Bxg5 45. Nxc1 Kc6 46. Ne2 Kd6 47. Kh3 Kxe6 48. Kg4 Bf6 49. Nf4+ Kd6 50. Ne2 Kd5 51. Kf5 Bxd4 52. Nxd4 Kxd4 53. Kg6 Kc3 54. Kxg7 Kb3 55. Kf6 Kxa3 56. g4 b5 57. g5 b4 58. g6 b3 1/2-1/2

[Event "7th Summer Cup 2024"]
[Site "Rhodes"]
[Date "2024.06.28"]
[Round "7.10"]
[White "Seres, Bela"]
[Black "Perrakis, Polychronis"]
[Result "1-0"]
[ECO "C63"]
[WhiteElo "2126"]
[BlackElo "1754"]
[Annotator "RC"]
[PlyCount "63"]
[EventDate "2024.06.21"]
[EventType "swiss"]
[EventCountry "GRE"]
[SourceTitle "playchess.com"]
[Source "ChessBase"]
[SourceQuality "1"]
[TimeControl "40/5400+30:900+30"]

1. e4 e5 2. Nf3 Nc6 3. Bb5 f5 4. d4 fxe4 5. Nxe5 Nxe5 6. dxe5 c6 7. Bc4 Qa5+ 8. Nc3 Qxe5 9. Bxg8 Rxg8 10. Qe2 d5 11. f3 Bb4 12. Bd2 Bxc3 13. bxc3 Bf5 14. O-O O-O-O 15. fxe4 Bxe4 16. Be3 g6 17. Bxa7 Qxc3 18. Qg4+ Bf5 19. Qf4 Kd7 20. Rab1 b5 21. Bb6 Rc8 22. a4 bxa4 23. Bd4 Qa5 24. Rb7+ Rc7 25. Bb6 Rxb7 26. Bxa5 Ra8 27. Bb4 c5 28. Bxc5 Ra6 29. Ba3 Bxc2 30. Qf7+ Kc8 31. Qf8+ Kc7 32. Rf7+ 1-0

[Event "7th Summer Cup 2024"]
[Site "Rhodes"]
[Date "2024.06.28"]
[Round "7.11"]
[White "Al Maamari, Wafia Darwish"]
[Black "Sioulis, Stergios"]
[Result "0-1"]
[ECO "D32"]
[WhiteElo "1933"]
[BlackElo "1743"]
[Annotator "NA RC"]
[PlyCount "50"]
[EventDate "2024.06.21"]
[EventType "swiss"]
[EventCountry "GRE"]
[SourceTitle "playchess.com"]
[Source "ChessBase"]
[SourceQuality "1"]
[TimeControl "40/5400+30:900+30"]

1. Nf3 c5 2. b3 Nf6 3. Bb2 d5 4. e3 e6 5. c4 Nc6 6. cxd5 exd5 7. d4 Be7 8. Be2 O-O 9. O-O Be6 10. dxc5 Bxc5 11. Na3 Qe7 12. Nb5 Rfe8 13. Rc1 Rac8 14. Qd3 Ne4 15. Nbd4 Nb4 16. Qb1 Bg4 17. Rfd1 Nxf2 18. Rxc5 Nxd1 19. Qxd1 Qxe3+ 20. Kf1 Rxc5 21. a3 Bxf3 22. Nxf3 Rc2 23. Bd4 Qf4 24. g3 Qc7 25. Kg2 Rcxe2+ 0-1

[Event "7th Summer Cup 2024"]
[Site "Rhodes"]
[Date "2024.06.28"]
[Round "7.12"]
[White "Michelakis, Evaggelos"]
[Black "Girard, Adrien"]
[Result "0-1"]
[ECO "B12"]
[WhiteElo "1734"]
[BlackElo "1828"]
[Annotator "NA RC"]
[PlyCount "66"]
[EventDate "2024.06.21"]
[EventType "swiss"]
[EventCountry "GRE"]
[SourceTitle "playchess.com"]
[Source "ChessBase"]
[SourceQuality "1"]
[TimeControl "40/5400+30:900+30"]

1. e4 c6 2. d4 d5 3. f3 dxe4 4. fxe4 e5 5. Nf3 Bg4 6. c3 Nd7 7. Bc4 Ngf6 8. Bg5 Bd6 9. O-O O-O 10. Nbd2 Qc7 11. Qe1 h6 12. Bh4 Rae8 13. dxe5 Bxe5 14. Nxe5 Rxe5 15. Bg3 Qb6+ 16. Kh1 Rh5 17. Bd6 Re8 18. Bb3 Be6 19. Qg3 Bxb3 20. axb3 Nxe4 21. Nxe4 Rxe4 22. Qf3 Nf6 23. b4 a6 24. Bc5 Qb5 25. Bd4 Re6 26. Ra5 Qe2 27. Raa1 Qxf3 28. Rxf3 Ne4 29. Rd1 Rd5 30. Rf4 Rd7 31. Kg1 Rde7 32. Rg4 g5 33. h4 f5 0-1

[Event "7th Summer Cup 2024"]
[Site "Rhodes"]
[Date "2024.06.28"]
[Round "7.13"]
[White "Ghaith Saeed Alnuaimi"]
[Black "Odysseos, Ioannis"]
[Result "1-0"]
[ECO "A05"]
[WhiteElo "1799"]
[BlackElo "1599"]
[Annotator "NA RC"]
[PlyCount "62"]
[EventDate "2024.06.21"]
[EventType "swiss"]
[EventCountry "GRE"]
[SourceTitle "playchess.com"]
[Source "ChessBase"]
[SourceQuality "1"]
[TimeControl "40/5400+30:900+30"]

1. Nf3 Nf6 2. b3 e6 3. Bb2 Be7 4. g4 O-O 5. g5 Ne4 6. h4 d5 7. d3 Nd6 8. Nbd2 c5 9. Ne5 f6 10. Nef3 fxg5 11. hxg5 Bxg5 12. Nxg5 Qxg5 13. Nf3 Qe7 14. Qd2 d4 15. Bg2 Nc6 16. O-O-O Bd7 17. Rh5 Nf5 18. Rdh1 h6 19. e4 dxe3 20. fxe3 Ng3 21. Rxh6 gxh6 22. Rxh6 Qd6 23. e4 Nxe4 24. Rg6+ Kf7 25. Qh6 Ke8 26. Qh5 Qf4+ 27. Kb1 Nd2+ 28. Nxd2 Qxd2 29. Rg8+ Ke7 30. Qxc5+ Kf7 31. Qh5+ Kxg8 1-0

[Event "7th Summer Cup 2024"]
[Site "Rhodes"]
[Date "2024.06.28"]
[Round "7.14"]
[White "Baruch, Amit"]
[Black "Van de Lagemaat, Arend"]
[Result "1/2-1/2"]
[ECO "B13"]
[WhiteElo "1614"]
[BlackElo "2030"]
[Annotator "NA RC"]
[PlyCount "82"]
[EventDate "2024.06.21"]
[EventType "swiss"]
[EventCountry "GRE"]
[SourceTitle "playchess.com"]
[Source "ChessBase"]
[SourceQuality "1"]
[TimeControl "40/5400+30:900+30"]

1. e4 c6 2. d4 d5 3. exd5 cxd5 4. c4 Nf6 5. Nc3 Nc6 6. Nf3 Bg4 7. cxd5 Nxd5 8. Qb3 Bxf3 9. gxf3 e6 10. Qxb7 Nxd4 11. Bb5+ Nxb5 12. Qc6+ Ke7 13. Qxb5 Qd7 14. Nxd5+ Qxd5 15. Bg5+ f6 16. Qxd5 exd5 17. Be3 Ke6 18. O-O-O Bb4 $11 19. Rd3 Rhc8+ 20. Kb1 Bc5 21. Re1 Bxe3 22. Rdxe3+ Kf5 23. Re7 Kf4 24. R1e3 Rc4 25. Rxg7 Rac8 26. Rg4+ Kf5 27. Rxc4 Rxc4 28. Re7 Kf4 29. Rxa7 Kxf3 30. Rxh7 f5 31. b3 Re4 32. a4 Kxf2 33. Rh5 d4 34. Rxf5+ Ke2 35. Kc2 Re8 36. Rd5 Rc8+ 37. Kb2 d3 38. Re5+ Kd1 39. a5 d2 40. a6 Rc2+ 41. Kb1 Rc1+ 1/2-1/2